[Event "44th Chess Olympiad Women 2022"]
[Site "Chennai"]
[Date "2022.07.30"]
[Round "2.46"]
[White "Spinola, Divania"]
[Black "Morales Santos, Natasha"]
[Result "0-1"]
[ECO "C00"]
[WhiteElo "1425"]
[BlackElo "1924"]
[Annotator "TA"]
[PlyCount "50"]
[EventDate "2022.07.29"]
[EventType "team-tourn"]
[EventCountry "IND"]
[SourceTitle "playchess.com"]
[Source "ChessBase"]
[SourceQuality "1"]
[WhiteTeam "CPV"]
[BlackTeam "Puerto Rico"]
[BlackTeamCountry "PUR"]
[TimeControl "40/5400+30:1800+30"]

1. e4 e6 2. Nf3 d5 3. Nc3 Nf6 4. d3 d4 {[%emt 0:09:05] [#]} 5. e5 $146 ({Predecessor:} 5. Ne2 Nc6 6. g3 e5 7. Bg2 g6 8. O-O Bg7 9. c3 O-O 10. cxd4 Nxd4 11. Nexd4 exd4 12. Re1 {1-0 (50) Matinian,N (2470)-Tronenkovs,V (2265) Chess.com INT 2020}) 5... dxc3 6. exf6 {[%emt 0:00:16] C00: French: Unusual White 2nd moves.} Qxf6 (6... Bb4 $5 7. b3 Qxf6 $15) 7. b3 (7. Bg5 $11 {keeps the balance.} Qg6 8. bxc3) 7... Nd7 (7... Nc6 $17 8. d4 Bd6) 8. Be2 {[%emt 0:01:14] Black is slightly better.} Bd6 9. O-O h6 {[%emt 0:04:28] 0x0.00144dfbbdc3dp-1022s more active pieces. The white rooks are badly placed.} 10. Be3 c5 {[%emt 0:04:58] Against Bd4} 11. Rb1 O-O 12. h3 (12. d4 $15) 12... Nb6 13. Qc1 (13. d4 $17 Nd5 14. Bc4) 13... Nd5 $19 14. Rd1 (14. d4 $142) 14... e5 15. Ra1 Be6 16. Qa3 $2 {[%emt 0:08:13] [#]} (16. Re1) 16... Qe7 17. Re1 b5 {[%emt 0:03:21][%cal Bb7b5,Bb5b4][%mdl 32] And now ...f5 would win.} 18. Red1 $2 (18. Bf1) 18... b4 19. Qc1 f5 20. a4 f4 21. Bxc5 Bxc5 22. Nxe5 {[%emt 0:00:18] [#]} Bxh3 $1 23. Ng6 (23. d4 Bxd4) 23... Qxe2 {[%emt 0:00:07] Black mates.} 24. Nxf8 Qxf2+ 25. Kh2 Qxg2# {[%emt 0:00:04] Weighted Error Value: White=1.07/Black=0.44} 0-1

[Event "44th Chess Olympiad Women 2022"]
[Site "Chennai"]
[Date "2022.07.30"]
[Round "2.46"]
[White "Pio Monteiro, Juliana"]
[Black "Comas Colon, Rinelly M."]
[Result "0-1"]
[ECO "B08"]
[WhiteElo "1319"]
[BlackElo "1585"]
[Annotator "NA RC COMBH"]
[PlyCount "52"]
[EventDate "2022.07.29"]
[EventType "team-tourn"]
[EventCountry "IND"]
[SourceTitle "playchess.com"]
[Source "ChessBase"]
[SourceQuality "1"]
[WhiteTeam "CPV"]
[BlackTeam "Puerto Rico"]
[BlackTeamCountry "PUR"]
[TimeControl "40/5400+30:1800+30"]

1. e4 g6 2. Nf3 Bg7 3. Nc3 d6 4. d4 Nf6 5. Bd3 O-O 6. O-O Bg4 7. h3 Bxf3 8. Qxf3 Nc6 9. Be3 e5 10. d5 Nb4 11. Qd1 Nxd3 12. Qxd3 a6 13. a4 Qd7 14. Rfd1 Nh5 15. Qd2 Rac8 16. Ra3 Nf6 17. Qd3 c6 18. dxc6 Rxc6 19. Nd5 Nxd5 20. exd5 Rcc8 21. c4 f5 22. b3 f4 23. Bc1 f3 24. g4 Qe7 25. Qe3 Qh4 26. Qg5 Qxh3 0-1

[Event "44th Chess Olympiad Women 2022"]
[Site "Chennai"]
[Date "2022.07.30"]
[Round "2.47"]
[White "Mwango, Lorita"]
[Black "Felix, Tobi"]
[Result "1-0"]
[WhiteElo "1920"]
[BlackElo "1460"]
[Annotator "TA"]
[PlyCount "35"]
[EventDate "2022.07.29"]
[EventType "team-tourn"]
[EventCountry "IND"]
[SourceTitle "playchess.com"]
[Source "ChessBase"]
[SourceQuality "1"]
[WhiteTeam "Zambia"]
[BlackTeam "Ghana"]
[WhiteTeamCountry "ZAM"]
[BlackTeamCountry "GHA"]
[TimeControl "40/5400+30:1800+30"]

1. d4 d5 2. Nf3 e6 3. Bf4 Bd6 4. Bg3 c5 5. c3 Qc7 6. e3 {[%emt 0:00:36] D02: 1 d4 d5 2 Nf3 sidelines, including 2...Nf6 3 g3 and 2...Nf6 3 Bf4.} Nd7 {[%emt 0:01:17] The position is equal.} 7. Nbd2 Ngf6 8. Be2 O-O 9. Bxd6 Qxd6 10. O-O Re8 {[%emt 0:01:01][%mdl 32768] [#] An uneventful encounter.  Weighted Error Value: White=0.10 (very precise) /Black=0.12 (very precise) . Loss on time!?} {Predecessor:} 11. Qc2 $146 c4 12. b3 b5 13. a4 cxb3 14. Qxb3 bxa4 15. Rxa4 Nb6 16. Ra5 Re7 17. Rfa1 Rb7 18. Qa2 {1-0 (28) Limberg,M (2001)-Czubaj,A (1641) Ruhrgebiet 2005} 1-0

[Event "44th Chess Olympiad Women 2022"]
[Site "Chennai"]
[Date "2022.07.30"]
[Round "2.47"]
[White "Benson, Maud"]
[Black "Bwalya Mulwale, Lubuuto"]
[Result "0-1"]
[ECO "D35"]
[WhiteElo "1334"]
[BlackElo "1751"]
[Annotator "NA COMBH"]
[PlyCount "130"]
[EventDate "2022.07.29"]
[EventType "team-tourn"]
[EventCountry "IND"]
[SourceTitle "playchess.com"]
[Source "ChessBase"]
[SourceQuality "1"]
[WhiteTeam "Ghana"]
[BlackTeam "Zambia"]
[WhiteTeamCountry "GHA"]
[BlackTeamCountry "ZAM"]
[TimeControl "40/5400+30:1800+30"]

1. d4 d5 2. c4 e6 3. Nc3 Nf6 4. Bg5 Nbd7 5. e3 c6 6. Bd3 Qa5 7. cxd5 exd5 8. Qc2 Bb4 9. Nge2 O-O 10. O-O Re8 11. a3 Bd6 12. b4 Qc7 13. Bf4 Nf8 14. b5 Bxf4 15. Nxf4 Qd6 16. bxc6 bxc6 17. Na4 Ne6 18. Nxe6 fxe6 19. Rfc1 Bd7 20. Nc5 Rec8 21. Rab1 Be8 22. Rb7 e5 23. dxe5 Qxe5 24. Bf5 Rcb8 25. Be6+ Kh8 26. Qf5 Qd6 27. Qb1 Bg6 28. Qb2 a5 29. a4 Rxb7 30. Qxb7 Rb8 31. Qa7 Ne4 32. Nxe4 dxe4 33. g3 Rd8 34. Qxa5 Rf8 35. Bg4 Qf6 36. Qd2 h5 37. Bh3 h4 38. a5 hxg3 39. fxg3 Rd8 40. Qc3 Qg5 41. Qc5 Rd5 42. Qf8+ Kh7 43. Qf4 Qd8 44. Rxc6 Qxa5 45. Rc1 Qd2 46. Rf1 Rh5 47. Bg2 Rf5 48. Qh4+ Kg8 49. Rxf5 Bxf5 50. Qf4 Qe1+ 51. Bf1 Bh3 52. g4 Bxf1 53. Qxf1 Qxe3+ 54. Qf2 Qd3 55. Qa2+ Kh7 56. Qg2 e3 57. Qh3+ Kg8 58. Qf3 Qd4 59. Qe2 Qf4 60. Kg2 Qe4+ 61. Kg3 Kh7 62. h3 Kh6 63. h4 Kg6 64. Qf3 Qe5+ 65. Qf4 Qxf4+ 0-1

[Event "44th Chess Olympiad Women 2022"]
[Site "Chennai"]
[Date "2022.07.30"]
[Round "2.47"]
[White "Appau Abena Tiwaa"]
[Black "Phiri Bertha"]
[Result "0-1"]
[ECO "D02"]
[WhiteElo "1103"]
[BlackElo "1606"]
[Annotator "NA COMBH"]
[PlyCount "88"]
[EventDate "2022.07.29"]
[EventType "team-tourn"]
[EventCountry "IND"]
[SourceTitle "playchess.com"]
[Source "ChessBase"]
[SourceQuality "1"]
[WhiteTeam "Ghana"]
[BlackTeam "Zambia"]
[WhiteTeamCountry "GHA"]
[BlackTeamCountry "ZAM"]
[TimeControl "40/5400+30:1800+30"]

1. d4 d5 2. Nf3 Nf6 3. c3 Bf5 4. Bf4 e6 5. e3 Bd6 6. Bg3 O-O 7. Nbd2 b6 8. Be2 c5 9. dxc5 bxc5 10. Ne5 Qc7 11. Ndf3 Ne4 12. Nd3 Nd7 13. Bxd6 Qxd6 14. O-O h6 15. Nd2 Rab8 16. b3 Nxc3 17. Qe1 Rfc8 18. Nf3 Nxe2+ 19. Qxe2 Bxd3 20. Qxd3 Ne5 21. Nxe5 Qxe5 22. f4 Qd6 23. Rad1 Rd8 24. Rf3 Rb7 25. Rg3 d4 26. Qe2 Qe7 27. Qh5 Kh8 28. exd4 cxd4 29. Qe5 f6 30. Qh5 Rd5 31. Qe2 Rbd7 32. Rdd3 e5 33. f5 e4 34. Rd1 Rxf5 35. Qa6 Re5 36. Rc1 Rc7 37. Rxc7 Qxc7 38. h3 Ra5 39. Qe6 Qxg3 40. Qe8+ Kh7 41. Qxe4+ f5 42. Qxd4 Rxa2 43. Kf1 Qxg2+ 44. Ke1 Qe2# 0-1

[Event "44th Chess Olympiad Women 2022"]
[Site "Chennai"]
[Date "2022.07.30"]
[Round "2.48"]
[White "Banda Natalie Katlo"]
[Black "Jacobs, Annelaine"]
[Result "1/2-1/2"]
[ECO "A48"]
[WhiteElo "1688"]
[BlackElo "1612"]
[Annotator "NA COMBH"]
[PlyCount "118"]
[EventDate "2022.07.29"]
[EventType "team-tourn"]
[EventCountry "IND"]
[SourceTitle "playchess.com"]
[Source "ChessBase"]
[SourceQuality "1"]
[WhiteTeam "Botswana"]
[BlackTeam "ARU"]
[WhiteTeamCountry "BOT"]
[TimeControl "40/5400+30:1800+30"]

1. d4 g6 2. Nf3 Bg7 3. c3 Nf6 4. Bg5 d6 5. Bxf6 Bxf6 6. Nbd2 O-O 7. Ne4 Bg7 8. h4 Nc6 9. h5 e5 10. hxg6 hxg6 11. e3 d5 12. Ng3 e4 13. Nd2 Ne7 14. Be2 Nf5 15. Nxf5 Bxf5 16. Bg4 Qg5 17. Bxf5 Qxf5 18. Rh4 Qg5 19. Qg4 Qxg4 20. Rxg4 Bh6 21. O-O-O Kg7 22. Rh4 Rh8 23. Rdh1 Bg5 24. Rxh8 Rxh8 25. Rxh8 Kxh8 26. Nb3 b6 27. a4 f5 28. g3 Bh6 29. c4 dxc4 30. Nd2 Bf8 31. Nxc4 Bd6 32. Nxd6 cxd6 33. Kd2 d5 34. a5 bxa5 35. Kc3 Kg7 36. Kb3 Kf6 37. Ka4 Kg5 38. Kxa5 Kg4 39. Ka6 Kf3 40. Kxa7 Kxf2 41. b4 Kxe3 42. b5 Kf2 43. b6 e3 44. b7 e2 45. b8=Q e1=Q 46. Qf4+ Kg2 47. Qe5 Qxg3 48. Qxd5+ Kh3 49. Qd7 Kg4 50. d5 g5 51. d6 Qe3+ 52. Kb7 Qb3+ 53. Kc8 Qc3+ 54. Kb7 Qb4+ 55. Kc7 Qa5+ 56. Kb7 Qb4+ 57. Kc8 Qc3+ 58. Qc7 Qh8+ 59. Kb7 Qb2+ 1/2-1/2

[Event "44th Chess Olympiad Women 2022"]
[Site "Chennai"]
[Date "2022.07.30"]
[Round "2.48"]
[White "Moshoboro Arona"]
[Black "Cabral, Sylvi"]
[Result "1-0"]
[ECO "D02"]
[WhiteElo "1611"]
[BlackElo "1100"]
[Annotator "NA COMBH"]
[PlyCount "55"]
[EventDate "2022.07.29"]
[EventType "team-tourn"]
[EventCountry "IND"]
[SourceTitle "playchess.com"]
[Source "ChessBase"]
[SourceQuality "1"]
[WhiteTeam "Botswana"]
[BlackTeam "ARU"]
[WhiteTeamCountry "BOT"]
[TimeControl "40/5400+30:1800+30"]

1. d4 d5 2. Nf3 c5 3. b3 cxd4 4. Nxd4 Nf6 5. Bb2 e6 6. a3 Bd7 7. e3 Bd6 8. Nd2 Nc6 9. Bd3 e5 10. Nb5 a6 11. Nxd6+ Kf8 12. Nxb7 Qb6 13. Nd6 g6 14. a4 a5 15. Bb5 Bg4 16. Qb1 Nd7 17. Bxc6 Qxc6 18. Nb5 d4 19. e4 Nf6 20. f3 Be6 21. Ba3+ Kg7 22. Nd6 Qc3 23. Qd1 Qe3+ 24. Qe2 Qc3 25. O-O Nh5 26. N2c4 Nf4 27. Qf2 Bh3 28. Nb5 1-0

[Event "44th Chess Olympiad Women 2022"]
[Site "Chennai"]
[Date "2022.07.30"]
[Round "2.48"]
[White "Sagastegui, Thamara"]
[Black "Otisitswe Ruth"]
[Result "0-1"]
[ECO "C42"]
[WhiteElo "1362"]
[BlackElo "1552"]
[Annotator "NA RC COMBH"]
[PlyCount "99"]
[EventDate "2022.07.29"]
[EventType "team-tourn"]
[EventCountry "IND"]
[SourceTitle "playchess.com"]
[Source "ChessBase"]
[SourceQuality "1"]
[WhiteTeam "ARU"]
[BlackTeam "Botswana"]
[BlackTeamCountry "BOT"]
[TimeControl "40/5400+30:1800+30"]

1. e4 e5 2. Nf3 d6 3. h3 Be7 4. Nc3 Nf6 5. d4 Nbd7 6. d5 Nc5 7. Bd3 Bd7 8. Qe2 b6 9. b4 Nxd3+ 10. Qxd3 c6 11. a4 cxd5 12. exd5 Qc7 13. O-O Rc8 14. Bd2 O-O 15. Rfc1 Qb7 16. Bg5 h6 17. Bxf6 Bxf6 18. Ne4 Be7 19. Ned2 f5 20. Qb3 e4 21. Nd4 Bf6 22. c3 Rfe8 23. Re1 Qc7 24. Ra3 Bxd4 25. cxd4 Qc2 26. Qxc2 Rxc2 27. Nb3 a6 28. g3 Rc4 29. Rc1 Rxb4 30. Rca1 a5 31. Nd2 Rxd4 32. R1a2 Rc8 33. Rb3 Rb8 34. f3 Bxa4 35. Re3 Bd7 36. h4 exf3 37. Rxf3 a4 38. Nb1 Rxd5 39. Nc3 Rd4 40. Ne2 Rd1+ 41. Kf2 b5 42. Nc3 Rd4 43. Ke3 Rc4 44. Kd2 b4 45. Nb1 b3 46. Ra3 Rc2+ 47. Kd1 Rbc8 48. Nd2 b2 49. Rf1 Bb5 50. Ke1 0-1

[Event "44th Chess Olympiad Women 2022"]
[Site "Chennai"]
[Date "2022.07.30"]
[Round "2.49"]
[White "Mazariegos, Silvia Carolina"]
[Black "Marochkina, Nadezhda Valerevna"]
[Result "0-1"]
[ECO "D00"]
[WhiteElo "1851"]
[BlackElo "1687"]
[Annotator "NA COMBH"]
[PlyCount "60"]
[EventDate "2022.07.29"]
[EventType "team-tourn"]
[EventCountry "IND"]
[SourceTitle "playchess.com"]
[Source "ChessBase"]
[SourceQuality "1"]
[WhiteTeam "Guatemala"]
[BlackTeam "Senegal"]
[WhiteTeamCountry "GUA"]
[BlackTeamCountry "SEN"]
[TimeControl "40/5400+30:1800+30"]

1. d4 d5 2. e3 Nf6 3. Bd3 Nc6 4. f4 Nb4 5. Bb5+ Bd7 6. Be2 Bf5 7. Na3 e6 8. c3 Nc6 9. b3 Ne4 10. Kf1 Nxc3 11. Qe1 Ne4 12. Bb5 a5 13. Nc2 Nd6 14. Bxc6+ bxc6 15. Qe2 Be7 16. Nf3 Bg4 17. Bb2 Qb8 18. Rc1 a4 19. Qd3 axb3 20. axb3 Ra2 21. Ba3 Bf5 22. Qc3 Qb5+ 23. Kg1 Bxc2 24. Bxd6 Bxb3 25. Bxe7 Kxe7 26. Nd2 Qe2 27. Qxc6 Qxe3+ 28. Kf1 Qd3+ 29. Kg1 Qxd4+ 30. Kf1 Rxd2 0-1

[Event "44th Chess Olympiad Women 2022"]
[Site "Chennai"]
[Date "2022.07.30"]
[Round "2.49"]
[White "Natareno, Elvia"]
[Black "Sy, Mariama"]
[Result "1-0"]
[ECO "D02"]
[WhiteElo "1581"]
[BlackElo "1211"]
[Annotator "NA RC COMBH"]
[PlyCount "49"]
[EventDate "2022.07.29"]
[EventType "team-tourn"]
[EventCountry "IND"]
[SourceTitle "playchess.com"]
[Source "ChessBase"]
[SourceQuality "1"]
[WhiteTeam "Guatemala"]
[BlackTeam "Senegal"]
[WhiteTeamCountry "GUA"]
[BlackTeamCountry "SEN"]
[TimeControl "40/5400+30:1800+30"]

1. d4 d5 2. Nf3 Nf6 3. e3 Nc6 4. b3 Bg4 5. Bb2 e6 6. a3 Bd6 7. Bd3 O-O 8. Nbd2 Re8 9. h3 Bf5 10. Bxf5 exf5 11. O-O f4 12. exf4 Bxf4 13. Re1 b6 14. c4 Ne7 15. Ne5 Bxe5 16. dxe5 Nd7 17. Qg4 Ng6 18. e6 f6 19. exd7 Rxe1+ 20. Rxe1 Qf8 21. Qe6+ Qf7 22. Qe8+ Qf8 23. Qxa8 Qxa8 24. Re8+ Kf7 25. Rxa8 1-0

[Event "44th Chess Olympiad Women 2022"]
[Site "Chennai"]
[Date "2022.07.30"]
[Round "2.49"]
[White "Sy Mame, Binta"]
[Black "Juarez Garcia, Daniela"]
[Result "0-1"]
[ECO "C55"]
[WhiteElo "1256"]
[BlackElo "1725"]
[Annotator "NA RC COMBH"]
[PlyCount "56"]
[EventDate "2022.07.29"]
[EventType "team-tourn"]
[EventCountry "IND"]
[SourceTitle "playchess.com"]
[Source "ChessBase"]
[SourceQuality "1"]
[WhiteTeam "Senegal"]
[BlackTeam "Guatemala"]
[WhiteTeamCountry "SEN"]
[BlackTeamCountry "GUA"]
[TimeControl "40/5400+30:1800+30"]

1. e4 e5 2. Nf3 Nc6 3. Nc3 Bc5 4. Bc4 Nf6 5. Ng5 O-O 6. Nd5 Nxd5 7. Bxd5 Qxg5 8. O-O Qg6 9. d3 d6 10. Qf3 Nd4 11. Qg3 Ne2+ 12. Kh1 Nxg3+ 13. fxg3 c6 14. Bb3 Be6 15. c4 f5 16. Bc2 fxe4 17. Re1 exd3 18. Bb3 Bb4 19. Rd1 Bg4 20. Rg1 d2 21. Bxd2 Bxd2 22. c5+ d5 23. Bd1 Bxd1 24. Rgxd1 Rf2 25. Kg1 Raf8 26. Rf1 Rxf1+ 27. Rxf1 Be3+ 28. Rf2 Qb1# 0-1

[Event "44th Chess Olympiad Women 2022"]
[Site "Chennai"]
[Date "2022.07.30"]
[Round "2.50"]
[White "Chong, Kimberly"]
[Black "Sisior, Angelil"]
[Result "0-1"]
[ECO "B22"]
[WhiteElo "1741"]
[BlackElo "1488"]
[Annotator "NA RC COMBH"]
[PlyCount "100"]
[EventDate "2022.07.29"]
[EventType "team-tourn"]
[EventCountry "IND"]
[SourceTitle "playchess.com"]
[Source "ChessBase"]
[SourceQuality "1"]
[WhiteTeam "Wales"]
[BlackTeam "PLW"]
[WhiteTeamCountry "WLS"]
[TimeControl "40/5400+30:1800+30"]

1. e4 c5 2. c3 Nc6 3. d4 cxd4 4. cxd4 g6 5. d5 Nb8 6. Qd4 Nf6 7. e5 Nh5 8. g4 Ng7 9. Bc4 e6 10. d6 Nc6 11. Qc3 a6 12. a4 Qa5 13. Qxa5 Nxa5 14. Ba2 Nc6 15. Nf3 Nb4 16. Na3 b6 17. O-O Bb7 18. Nd4 Nd3 19. Nc4 Rb8 20. Nxb6 Nxe5 21. Bh6 Nxg4 22. Bxg7 Bxg7 23. Rfd1 Be5 24. a5 Bxh2+ 25. Kf1 Bxd6 26. Nxe6 Nh2+ 27. Kg1 Nf3+ 28. Kf1 fxe6 29. Rxd6 Bc6 30. Bxe6 Bb5+ 31. Bc4 Bxc4+ 32. Nxc4 O-O 33. Rxa6 Nh2+ 34. Kg2 Ng4 35. f3 d5 36. Nb6 Ne3+ 37. Kf2 Nc4 38. Rd1 Nxa5 39. Rxd5 Nc6 40. Rc5 Nb4 41. Ra3 Rxb6 42. Rc7 Nd5 43. Rc2 Rfb8 44. Kg3 Rxb2 45. Rc5 Nf6 46. Rc7 Rf8 47. Raa7 Nh5+ 48. Kh4 h6 49. Kh3 Rxf3+ 50. Kg4 Rg3+ 0-1

[Event "44th Chess Olympiad Women 2022"]
[Site "Chennai"]
[Date "2022.07.30"]
[Round "2.50"]
[White "Magno, Angelica"]
[Black "Smith, Olivia"]
[Result "0-1"]
[ECO "E15"]
[WhiteElo "1211"]
[BlackElo "2038"]
[Annotator "TA"]
[PlyCount "60"]
[EventDate "2022.07.29"]
[EventType "team-tourn"]
[EventCountry "IND"]
[SourceTitle "playchess.com"]
[Source "ChessBase"]
[SourceQuality "1"]
[WhiteTeam "PLW"]
[BlackTeam "Wales"]
[BlackTeamCountry "WLS"]
[TimeControl "40/5400+30:1800+30"]

1. d4 Nf6 2. c4 e6 3. Nf3 b6 4. g3 Ba6 {[%emt 0:00:17][%cal Bc8a6,Ba6c4,Bc4d5][%mdl 32] [#]} 5. Na3 $146 ({Predecessor:} 5. b3 Bb4+ 6. Bd2 Be7 7. Nc3 d5 8. cxd5 exd5 9. Bg2 O-O 10. O-O Re8 11. Rc1 Nbd7 12. Bf4 c6 13. Rc2 h6 14. Qc1 Bb4 15. a3 Bxc3 16. Rxc3 Bxe2 17. Re1 Bxf3 18. Rxe8+ Qxe8 19. Bxf3 {½-½ (34) Wei,Y (2729)-Ding,L (2799) Hangzhou 2022}) 5... Bxa3 6. bxa3 {[%emt 0:00:41] E15: Queen's Indian: 4 g3 sidelines, 4 g3 Ba6 and 4 g3 Bb7 early deviations.} Bxc4 7. Bg2 Bd5 8. O-O {[%emt 0:02:19] Black is better.} O-O 9. Bd2 (9. Bg5 $17) 9... d6 $19 10. Re1 Ne4 {[%emt 0:01:10] Inhibits Bg5.} 11. Bc1 Nd7 12. Nd2 f5 13. f3 Nxd2 {[%emt 0:06:07] Black is much more active. The white rooks are badly placed.} ({But not} 13... Nc3 $6 14. Qc2 Nb5 15. Qd3 $11) 14. Bxd2 Qf6 15. e4 {[%emt 0:08:10] Now White is beyond hope.} (15. Bf4 $17) 15... Qxd4+ 16. Be3 Qxd1 17. Rexd1 fxe4 18. fxe4 Bb7 19. Rac1 Nc5 20. h4 (20. e5 $142) 20... e5 21. Kh2 h6 22. a4 Rf7 23. Bxc5 bxc5 ({Wrong is} 23... dxc5 $2 24. a5 $19) 24. Rb1 Bc6 {[%emt 0:00:25] Threatens to win with ...Rf2.} 25. a5 Rf2 {[%emt 0:00:29][%csl LRa2,LRe4] [#] Hoping for ...Bxe4. Black is clearly winning.} 26. a3 (26. Kg1 $142 Rxa2 27. Ra1) 26... Bxe4 27. Rg1 Raf8 28. Kh3 Rxg2 29. Rxg2 Bxb1 30. Rb2 Be4 {[%emt 0:00:22] Weighted Error Value: White=0.70/Black=0.23 (precise)} 0-1

[Event "44th Chess Olympiad Women 2022"]
[Site "Chennai"]
[Date "2022.07.30"]
[Round "2.51"]
[White "Vasquez Jaen, Lourdes Lorena"]
[Black "Alazmi, Amani"]
[Result "1-0"]
[ECO "B90"]
[WhiteElo "1653"]
[BlackElo "1506"]
[Annotator "NA RC COMBH"]
[PlyCount "49"]
[EventDate "2022.07.29"]
[EventType "team-tourn"]
[EventCountry "IND"]
[SourceTitle "playchess.com"]
[Source "ChessBase"]
[SourceQuality "1"]
[WhiteTeam "Panama"]
[BlackTeam "Kuwait"]
[WhiteTeamCountry "PAN"]
[BlackTeamCountry "KUW"]
[TimeControl "40/5400+30:1800+30"]

1. e4 c5 2. Nf3 d6 3. d4 cxd4 4. Nxd4 Nf6 5. Nc3 a6 6. f3 e5 7. Nb3 Be6 8. Be3 Be7 9. Qd2 d5 10. exd5 Bxd5 11. Nxd5 Qxd5 12. O-O-O Qxd2+ 13. Rxd2 Nc6 14. Nc5 b5 15. Nxa6 O-O 16. Bxb5 Nb8 17. Nxb8 Rfxb8 18. Bc4 Rb4 19. Bb3 e4 20. fxe4 Ng4 21. Bf4 Rxe4 22. Bd5 Rxf4 23. Bxa8 Bg5 24. h4 Bh6 25. Rd8# 1-0

[Event "44th Chess Olympiad Women 2022"]
[Site "Chennai"]
[Date "2022.07.30"]
[Round "2.51"]
[White "Castillo Beitia, Ashley Alexandra"]
[Black "Alazmi, Aeshah"]
[Result "1-0"]
[ECO "D06"]
[WhiteElo "1587"]
[BlackElo "1256"]
[Annotator "NA RC COMBH"]
[PlyCount "68"]
[EventDate "2022.07.29"]
[EventType "team-tourn"]
[EventCountry "IND"]
[SourceTitle "playchess.com"]
[Source "ChessBase"]
[SourceQuality "1"]
[WhiteTeam "Panama"]
[BlackTeam "Kuwait"]
[WhiteTeamCountry "PAN"]
[BlackTeamCountry "KUW"]
[TimeControl "40/5400+30:1800+30"]

1. d4 d5 2. c4 Nf6 3. Nc3 Bf5 4. Qb3 Nc6 5. cxd5 Nxd5 6. Nxd5 Be6 7. e4 Nxd4 8. Qxb7 Rc8 9. Bd3 Bd7 10. Qxa7 Nb5 11. Bxb5 Bxb5 12. Bf4 e6 13. Qa5 exd5 14. Qxb5+ c6 15. Qd3 Bb4+ 16. Bd2 Bxd2+ 17. Qxd2 dxe4 18. Qxd8+ Rxd8 19. Rc1 Rd6 20. Ne2 O-O 21. Nc3 Re8 22. Ke2 f5 23. Rhd1 Rg6 24. g3 Rf6 25. Rd7 f4 26. Rcd1 Kf8 27. Rd8 g5 28. Rxe8+ Kxe8 29. Nxe4 Re6 30. f3 fxg3 31. hxg3 h5 32. a4 Kf7 33. a5 Kg6 34. Rd7 Rd6 1-0

[Event "44th Chess Olympiad Women 2022"]
[Site "Chennai"]
[Date "2022.07.30"]
[Round "2.51"]
[White "Alhasan, Zainah"]
[Black "Munoz Henriquez, Alba Esther"]
[Result "0-1"]
[ECO "B18"]
[WhiteElo "1095"]
[BlackElo "1588"]
[Annotator "NA RC COMBH"]
[PlyCount "74"]
[EventDate "2022.07.29"]
[EventType "team-tourn"]
[EventCountry "IND"]
[SourceTitle "playchess.com"]
[Source "ChessBase"]
[SourceQuality "1"]
[WhiteTeam "Kuwait"]
[BlackTeam "Panama"]
[WhiteTeamCountry "KUW"]
[BlackTeamCountry "PAN"]
[TimeControl "40/5400+30:1800+30"]

1. e4 c6 2. d4 d5 3. Nc3 dxe4 4. Nxe4 Bf5 5. Bd3 Qxd4 6. Ng3 Bxd3 7. Qxd3 Qxd3 8. cxd3 e6 9. Nf3 Nf6 10. Bg5 Bb4+ 11. Ke2 Nd5 12. Bd2 Bxd2 13. Kxd2 O-O 14. Rhe1 Nd7 15. Ne4 N7f6 16. Ne5 Rfd8 17. Ng5 Nb4 18. Ngxf7 Rd5 19. Ng5 Nxd3 20. Nxd3 Rxg5 21. Nf4 e5 22. Nd3 Rd8 23. g3 e4 24. f4 Rxd3+ 25. Kc2 Rc5+ 26. Kb1 e3 27. a3 Nd5 28. Ka2 Rc2 29. Rac1 Rxh2 30. Rcd1 Rxd1 31. Rxd1 Nc3+ 32. Kb3 Nxd1 33. Ka4 e2 34. b4 e1=Q 35. g4 Qc3 36. f5 Nb2+ 37. Ka5 Qxa3# 0-1